 Dungeon Crawl Stone Soup version 0.29.1-12-g30fa7ad0bf (webtiles) character file.

Game seed: 10139945841759347879

49 DildoBatman the Conjurer (level 4, -5/32 HPs)
             Began as a Formicid Conjurer on Jan 18, 2023.
             Splashed by a jelly's acid (9 damage)
             ... on level 5 of the Dungeon.
             The game lasted 00:03:34 (1706 turns).

DildoBatman the Conjurer (Formicid Conjurer)        Turns: 1706, Time: 00:03:35

Health: -5/32      AC:  1    Str: 12    XL:     4   Next: 1%
Magic:  8/8        EV: 12    Int: 19    God:
Gold:   107        SH:  0    Dex: 12    Spells: 2/8 levels left

rFire   . . .      SeeInvis +   a - +0 sling
rCold   . . .      Faith    .   (no shield)
rNeg    . . .      Spirit   .   m - +0 robe
rPois   .          Reflect  .   (helmet unavailable)
rElec   .          Harm     .   n - +2 cloak
rCorr   .          Rampage  .   (no gloves)
Will    .....                   (no boots)
Stlth   ++........              (no amulet)
HPRegen 0.10/turn               (no ring)
MPRegen 0.11/turn               (no ring)

@: corroded
A: permanent stasis, dig shafts and tunnels, antennae 3, four strong arms
a: Dig, Shaft Self


You were on level 5 of the Dungeon.
You visited 1 branch of the dungeon, and saw 5 of its levels.

You collected 107 gold pieces.

Inventory:

Hand Weapons
 a - a +0 sling (weapon)
 g - a +0 dagger
Missiles
 c - 28 stones
 d - 10 boomerangs
 s - 5 atropa-tipped darts
Armour
 m - a +0 robe (worn)
 n - a +2 cloak (worn)
Wands
 o - a wand of quicksilver (6)
Scrolls
 e - 6 scrolls of identify {unknown}
 j - a scroll of enchant armour {unknown}
 k - 2 scrolls of teleportation {unknown}
 l - 2 scrolls of blinking {unknown}
 p - a scroll of silence {unknown}
 q - a scroll of torment {unknown}
 r - a scroll of vulnerability {unknown}
Potions
 b - a potion of magic
 f - a potion of degeneration {unknown}
 h - a potion of attraction {unknown}
 i - a potion of lignification {unknown}


   Skills:
 * Level 1.3 Fighting
 * Level 1.5 Armour
 - Level 2.0 Dodging
 - Level 2.4 Stealth
 * Level 2.7 Spellcasting
 * Level 3.9 Conjurations
 * Level 0.0 Earth Magic


You had 2 spell levels left.
You knew the following spells:

 Your Spells              Type           Power      Damage    Failure   Level
a - Searing Ray           Conj           34%        2d5       4%          2
b - Stone Arrow           Conj/Erth      20%        3d8       21%         3
c - Magic Dart            Conj           68%        1d6       3%          1

Your spell library contained the following spells:

 Spells                   Type           Power      Damage    Failure   Level
 Sandblast                Erth           4%         2d4       16%         1
 Summon Small Mammal      Summ           8%         N/A       16%         1
 Passwall                 Tmut/Erth      1%         N/A       24%         2
 Dazzling Flash           Conj/Hex       20%        N/A       22%         3
 Call Canine Familiar     Summ           2%         N/A       43%         3
 Summon Guardian Golem    Hex/Summ       2%         N/A       43%         3
 Fulminant Prism          Conj/Hex       5%         3d7       56%         4
 Iskenderun's Mystic Bla  Conj/Tloc      10%        2d4       56%         4
 Starburst                Conj/Fire      5%         6d4       100%        6


Dungeon Overview and Level Annotations

Branches:
Dungeon (4/15)
 Temple: D:4-7

Altars:
Elyvilon

Shops:
D:1 *

Annotations:
D:4 exclusions: black bear and 2 sensed monsters (detected)


Innate Abilities, Weirdness & Mutations

You cannot be hasted, slowed, berserked, paralysed or teleported.
You can dig through walls and to a lower floor.
You have a pair of large antennae on your head. (SInv)
Your four strong arms can wield two-handed weapons with a shield.


Message History

r - Retreat! s - Stop attacking. g - Guard the area. f - Follow me.
Anything else - Cancel.
You shout for attention!
The jelly misses you. What are your orders? t - Shout!
Orders for allies: a - Attack new target. r - Retreat! s - Stop attacking. g - Guard the area. f - Follow me.
Anything else - Cancel.
You shout for attention!
The jelly hits you.
You are splashed with acid!
What are your orders? t - Shout!
Orders for allies: a - Attack new target. r - Retreat! s - Stop attacking. g - Guard the area. f - Follow me.
Anything else - Cancel.
You shout for attention!
The jelly closely misses you. What are your orders? t - Shout!
Orders for allies: a - Attack new target. r - Retreat! s - Stop attacking. g - Guard the area. f - Follow me.
Anything else - Cancel.
You shout for attention!
The jelly closely misses you. What are your orders? t - Shout!
Orders for allies: a - Attack new target. r - Retreat! s - Stop attacking. g - Guard the area. f - Follow me.
Anything else - Cancel.
You shout for attention!
The jelly hits you.
You are splashed with acid!
You die...

#########
#######........
...............
.......@J......
...[....?...#.#
#######........
###.####. ..
##. .. #.


You could see a jelly.

Vanquished Creatures
  An adder (D:2)
  A dart slug (D:1)
  2 ball pythons (D:2)
  2 bats (D:1)
  A giant cockroach (D:2)
  6 goblins
  4 hobgoblins
  3 quokkas
  2 frilled lizards
  8 kobolds
  4 rats (D:1)
34 creatures vanquished.

Notes
Turn   | Place    | Note
-------+----------+-------------------------------------------
     0 | D:1      | DildoBatman the Formicid Conjurer began the quest for the
                  | Orb.
     0 | D:1      | Reached XP level 1. HP: 13/13 MP: 3/3
   247 | D:1      | Reached XP level 2. HP: 15/20 MP: 0/5
   250 | D:1      | Learned a level 2 spell: Searing Ray
   402 | D:1      | Found Oluraur's General Store.
   713 | D:1      | Reached skill level 1 in Armour
   760 | D:1      | Reached skill level 1 in Fighting
   760 | D:1      | Reached XP level 3. HP: 21/26 MP: 6/6
   972 | D:2      | You fall into a shaft and drop 2 floors!
  1022 | D:4      | Found a white marble altar of Elyvilon.
  1026 | D:4      | Noticed a black bear
  1408 | D:2      | Learned a level 3 spell: Stone Arrow
  1454 | D:2      | Found a faded altar of an unknown god.
  1642 | D:2      | Reached XP level 4. HP: 32/32 MP: 8/8
  1644 | D:2      | You fall into a shaft and drop 2 floors!
  1675 | D:4      | You fall into a shaft and drop 1 floor!
  1675 | D:5      | Entered Level 5 of the Dungeon
  1706 | D:5      | Splashed by a jelly's acid

Illustrated notes

Levels and vault maps discovered:
D:1:      matt_arrival_grand_opening, layout_basic, serial_shops, shop
D:2:      layout_loops_ring, ebering_ecumenical_altar_box
D:3:      layout_basic, yredelemnul_forgotten_temple_becter, uniq_ijyb
D:4:      layout_loops_ring, elyvilon_altar_3
D:5:      layout_basic, mainiacjoe_overflow_alcove_2,
          mainiacjoe_overflow_cross_hatched, minmay_temple_entry_waves,
          chequers_serial_rivers_micro_d, st_stairs_12

Skill      XL: |  1  2 |
---------------+-------+-----
Dodging        | 2 |  2.0
Armour         | 1 |  1.5
Fighting       | 1 |  1.3
Stealth        | |  2.4
Spellcasting   | |  2.7
Conjurations   | |  3.9

Action                   |  1- 3 |  4- 6 || total
-------------------------+-------+-------++-------
Melee: Dagger            |    19 |       ||    19
 Fire: Sling             |    22 |       ||    22
 Cast: Magic Dart        |    22 |       ||    22
       Searing Ray       |     8 |       ||     8
 Abil: Shaft Self        |       |     2 ||     2
 Stab: Sleeping          |     2 |       ||     2
Armor: Robe              |     6 |     5 ||    11
Dodge: Dodged            |    27 |     6 ||    33
